 Dungeon Crawl Stone Soup version 0.24.0-1-gfbc8707 (webtiles) character file.

Game seed: 3184200794620194802, levelgen mode: deterministic

795 Illumine the Shield-Bearer (level 7, -3/60 HPs)
             Began as a Gnoll Fighter on Nov 15, 2019.
             Was a Follower of Okawaru.
             Killed by nerve-wracking pain
             ... invoked by an orc priest
              (10 damage)
             ... on level 6 of the Dungeon.
             The game lasted 00:05:33 (4742 turns).

Illumine the Shield-Bearer (Gnoll Fighter)          Turns: 4742, Time: 00:05:34

Health: -3/60      AC: 10    Str: 20 (21) XL:     7   Next: 89%
Magic:  0/11       EV: 15    Int:  9 (10) God:    Okawaru [*.....]
Gold:   214        SH:  0    Dex: 19      Spells: 11/11 levels left

rFire    . . .     SeeInvis .   a - +0 war axe
rCold    . . .     Gourm    .   c - +0 shield
rNeg     . . .     Faith    .   b - +0 scale mail
rPois    .         Spirit   +   m - +0 helmet
rElec    .         Reflect  .   (no cloak)
rCorr    .         Harm     .   d - +0 pair of gloves
MR       .....                  (no boots)
Stlth    +.........             n - amulet of guardian spirit
HPRegen  0.20/turn              A - ring of wizardry
MPRegen  0.12/turn              (no ring)

@: confused, agile
A: distributed training, fangs 1, strong nose
a: Heroism, Renounce Religion


You were on level 6 of the Dungeon.
You worshipped Okawaru.
Okawaru was aware of your devotion.
You were not hungry.

You visited 1 branch of the dungeon, and saw 6 of its levels.

You collected 214 gold pieces.

Inventory:

Hand Weapons
 a - a +0 war axe (weapon)
 x - a +0 hunting sling
Missiles
 y - 84 stones (quivered)
Armour
 b - a +0 scale mail (worn)
 c - a +0 shield (worn)
 d - a +0 pair of gloves (worn)
 m - a +0 helmet (worn)
Jewellery
 n - an amulet of guardian spirit (around neck)
 A - a ring of wizardry (left hand)
Wands
 z - a wand of iceblast (4)
Scrolls
 e - a scroll of enchant armour {unknown}
 g - a scroll of identify
 i - 2 scrolls of teleportation {unknown}
 j - 6 scrolls of remove curse {unknown}
 k - 3 scrolls of enchant weapon {unknown}
 s - a scroll of blinking {unknown}
 t - a scroll of noise {unknown}
 w - 2 scrolls of fog {unknown}
Potions
 l - a potion of magic
 q - a potion of flight
 v - a potion of heal wounds {unknown}
Comestibles
 f - 9 rations


   Skills:
 + Level 7.1 Fighting
 + Level 2.7 Short Blades
 + Level 2.7 Long Blades
 + Level 5.3 Axes
 + Level 2.7 Maces & Flails
 + Level 2.7 Polearms
 + Level 2.7 Staves
 + Level 2.7 Slings
 + Level 2.7 Bows
 + Level 2.7 Crossbows
 + Level 2.7 Throwing
 + Level 7.1 Armour
 + Level 2.7 Dodging
 + Level 2.7 Stealth
 + Level 7.1 Shields
 + Level 2.7 Unarmed Combat
 + Level 2.7 Spellcasting
 + Level 2.2 Conjurations
 + Level 2.2 Hexes
 + Level 2.2 Charms
 + Level 2.2 Summonings
 + Level 2.2 Necromancy
 + Level 2.2 Translocations
 + Level 2.2 Transmutations
 + Level 2.2 Fire Magic
 + Level 2.2 Ice Magic
 + Level 2.2 Air Magic
 + Level 2.2 Earth Magic
 + Level 2.2 Poison Magic
 + Level 3.0 Invocations
 + Level 2.7 Evocations


You had 11 spell levels left.
You didn't know any spells.
Your spell library was empty.

Dungeon Overview and Level Annotations

Branches:
Dungeon (6/15)             Temple (0/1) D:5

Altars:
Elyvilon
Fedhas
Gozag
Hepliaklqana
Kikubaaqudgha
Nemelex Xobeh
Okawaru
Ru
Trog
Uskayaw
Xom


Innate Abilities, Weirdness & Mutations

Your experience applies equally to all skills.
You have very sharp teeth.
Your uncanny sense of smell can sniff out nearby items.


Message History

You slash the orc!
You kill the orc!
Okawaru accepts your kill.
An orc wizard comes into view.
It is wielding a +0 dagger and wearing a +2 robe of the Archmagi.
The sky beast closely misses you.
The orc priest hits you but does no damage.
Unknown command.
You feel agile all of a sudden. You block the sky beast's attack.
The orc priest looks braver for a moment.
Okay, then.
It was a potion of ambrosia.
You are confused.
You feel invigorated. The sky beast hits you.
* * * LOW HITPOINT WARNING * * *
The sky beast shocks you.
* * * LOW HITPOINT WARNING * * *
The orc priest calls down the wrath of Beogh upon you.
Pain shoots through your body!
You die...

..... .....#. ..#.#
...#.#####.......###.#.##
...o.......#.............
..............$#.###..#.#
#.......#...............
#.......................
##......†#.##..##.##.#..#
≈......o@#Z...........<..
≈##..###.YZ..........#...
≈.. ###.....#..####... ≈
............÷!##...
##.................
###.#.#.#.)..###..
#..........# ..
###.#).....## ..
#.....###......


You could see a sky beast, an orc priest, an orc wizard and a giant cockroach
zombie.

Vanquished Creatures
  An ogre (D:5)
  2 scorpions (D:5)
  3 killer bees (D:4)
  A howler monkey (D:6)
  A crimson imp (D:5)
  2 hounds (D:6)
  A bullfrog skeleton (D:5)
  2 orc priests
  2 orc wizards
  2 worker ants (D:5)
  6 adders
  An ooze (D:3)
  2 adder zombies (D:5)
  3 worms
  A dart slug (D:2)
  A leopard gecko (D:1)
  14 orcs
  9 bats
  6 giant cockroaches
  8 goblins
  7 hobgoblins
  7 jackals (D:1)
  4 quokkas
  3 frilled lizards
  4 kobolds
  3 rats (D:1)
96 creatures vanquished.

Notes
Turn   | Place    | Note
-------+----------+-------------------------------------------
     0 | D:1      | Illumine the Gnoll Fighter began the quest for the Orb.
     0 | D:1      | Reached XP level 1. HP: 23/23 MP: 1/1
    94 | D:1      | Reached XP level 2. HP: 27/29 MP: 2/2
   639 | D:1      | Reached XP level 3. HP: 35/35 MP: 3/3
  1130 | D:2      | Reached skill level 1 in Invocations
  1239 | D:2      | Found a hazy altar of Hepliaklqana.
  1402 | D:2      | Reached skill level 1 in Short Blades
  1402 | D:2      | Reached skill level 1 in Long Blades
  1402 | D:2      | Reached skill level 1 in Maces & Flails
  1402 | D:2      | Reached skill level 1 in Polearms
  1402 | D:2      | Reached skill level 1 in Staves
  1402 | D:2      | Reached skill level 1 in Slings
  1402 | D:2      | Reached skill level 1 in Bows
  1402 | D:2      | Reached skill level 1 in Crossbows
  1402 | D:2      | Reached skill level 1 in Throwing
  1402 | D:2      | Reached skill level 1 in Dodging
  1402 | D:2      | Reached skill level 1 in Stealth
  1402 | D:2      | Reached skill level 1 in Unarmed Combat
  1402 | D:2      | Reached skill level 1 in Spellcasting
  1402 | D:2      | Reached skill level 1 in Evocations
  1481 | D:2      | Reached XP level 4. HP: 40/41 MP: 5/5
  1521 | D:2      | Reached skill level 1 in Conjurations
  1521 | D:2      | Reached skill level 1 in Hexes
  1521 | D:2      | Reached skill level 1 in Charms
  1521 | D:2      | Reached skill level 1 in Summonings
  1521 | D:2      | Reached skill level 1 in Necromancy
  1521 | D:2      | Reached skill level 1 in Translocations
  1521 | D:2      | Reached skill level 1 in Transmutations
  1521 | D:2      | Reached skill level 1 in Fire Magic
  1521 | D:2      | Reached skill level 1 in Ice Magic
  1521 | D:2      | Reached skill level 1 in Air Magic
  1521 | D:2      | Reached skill level 1 in Earth Magic
  1521 | D:2      | Reached skill level 1 in Poison Magic
  1582 | D:3      | You fall into a shaft and drop 2 floors!
  1582 | D:5      | Entered Level 5 of the Dungeon
  1582 | D:5      | Noticed an ogre
  1586 | D:5      | Killed an ogre
  1586 | D:5      | Reached XP level 5. HP: 47/47 MP: 5/7
  1621 | D:5      | Found a blossoming altar of Fedhas.
  1621 | D:5      | Found a white marble altar of Elyvilon.
  1621 | D:5      | Found a shimmering altar of Xom.
  1622 | D:5      | Found an ancient bone altar of Kikubaaqudgha.
  1678 | D:5      | Found an opulent altar of Gozag.
  1679 | D:5      | Found a bloodstained altar of Trog.
  1693 | D:5      | Reached XP level 6. HP: 50/53 MP: 8/8
  2200 | D:4      | Found a sparkling altar of Nemelex Xobeh.
  2232 | D:4      | Found an iron altar of Okawaru.
  2243 | D:4      | Became a worshipper of Warmaster Okawaru
  2809 | D:3      | Reached skill level 5 in Axes
  3105 | D:3      | Found a sacrificial altar of Ru.
  3669 | D:4      | Reached XP level 7. HP: 13/59 MP: 10/10
  4214 | D:5      | Found a staircase to the Ecumenical Temple.
  4228 | D:5      | Found a hide-covered altar of Uskayaw.
  4229 | D:5      | Noticed a +0 dagger
  4229 | D:5      | Noticed a +0 hand axe
  4238 | D:5      | Reached * piety under Okawaru
  4742 | D:6      | Killed from afar by an orc priest

Levels and vault maps discovered:
D:1:      scummos_arrival_simple_fountains, layout_basic,
          serial_co_window_serial, co_window_paths_a,
          co_window_of_opportunity_a, co_window_cross_1, co_window_paths_a,
          co_window_paths_b, co_window_corner_ca, co_window_broadway_a,
          co_window_broadway_b, co_window_4corner_b, co_window_4corner_a,
          glass_columns_b, glass_columns_a
D:2:      layout_loops_corners, old_standard_altar, first_ration,
          hangedman_decor_opposing, columned_hall_lemuel,
          makhleb_altar_promises_db
D:3:      layout_basic, nicolae_ru_path_of_blood
D:4:      layout_basic, okawaru_ov_weapons_minmay, nemelex_altar_shiori,
          minmay_stone_trees_small, grunt_ministairs_13
D:5:      layout_loops_cross, chequers_temple_overflow_statue_of_worship,
          dancing_weapons_uskayaw, gammafunk_temple_overflow_statue,
          minmay_temple_entry_enclosed_plants, bh_walls_and_bars
D:6:      layout_basic, old_standard_altar, lightli_minifort

Skill      XL: |  1  2  3  4  5  6  7 |
---------------+----------------------+-----
Invocations    | 1 2 3 |  3.0
Short Blades   | 1 2 |  2.7
Long Blades    | 1 2 |  2.7
Maces & Flails | 1 2 |  2.7
Polearms       | 1 2 |  2.7
Staves         | 1 2 |  2.7
Slings         | 1 2 |  2.7
Bows           | 1 2 |  2.7
Crossbows      | 1 2 |  2.7
Throwing       | 1 2 |  2.7
Dodging        | 1 2 |  2.7
Stealth        | 1 2 |  2.7
Unarmed Combat | 1 2 |  2.7
Spellcasting   | 1 2 |  2.7
Evocations     | 1 2 |  2.7
Conjurations   | 1 2 |  2.2
Hexes          | 1 2 |  2.2
Charms         | 1 2 |  2.2
Summonings     | 1 2 |  2.2
Necromancy     | 1 2 |  2.2
Translocations | 1 2 |  2.2
Transmutations | 1 2 |  2.2
Fire Magic     | 1 2 |  2.2
Ice Magic      | 1 2 |  2.2
Air Magic      | 1 2 |  2.2
Earth Magic    | 1 2 |  2.2
Poison Magic   | 1 2 |  2.2
Axes           | 5 |  5.3
Fighting       | 7 |  7.1
Armour         | 7 |  7.1
Shields        | 7 |  7.1

Action                   |  1- 3 |  4- 6 |  7- 9 || total
-------------------------+-------+-------+-------++-------
Melee: War axe           |   106 |   102 |    81 ||   289
       Bite              |     7 |     8 |    10 ||    25
  Use: Potion            |       |     6 |     2 ||     8
       Scroll            |       |       |     2 ||     2
  Eat: Chunk             |     2 |     2 |     2 ||     6
       Ration            |       |     1 |     1 ||     2
Armor: Scale mail        |    56 |    45 |    30 ||   131
Dodge: Dodged            |    33 |    29 |    36 ||    98
Block: Shield            |    73 |    74 |    41 ||   188
